AoeStats
← TikiRat420

MegaRandom

507215249Analyzed
3v3 RM · 14d ago on Sep 17, 2026· 28m 53s· 6 players
Game mode
Random Map
Map size
Normal (6 player)
Population
200
Speed
Normal
Resources
Standard
Victory
Conquest
Starting age
Dark Age
Ending age
Imperial Age
RankedLock teamsTeams togetherTeam positionsShared explorationLock speedFull tech treeHidden civsTurbo modeCheats
Victory
Defeat
🇪🇸 Berbers · Spain
1142
+12
🇨🇳 Huns · China
1110
+13
🇨🇳 Mongols · China
1097
+14
🇺🇸 Mongols · United States
1127
-16
🇺🇸 Goths · United States
1069
-14
🇺🇸 Khmer · United States
955
-9
小麻雀杀啊
10:58 Feudal Age
13:40 Loom
17:43 Castle Age
17:58 Double-Bit Axe
17:55 Horse Collar
18:42 Fletching
21:58 Bow Saw
24:54 Thumb Ring
27:51 Gold Mining
29:03 Padded Archer Armor
29:30 Heavy Plow
redwolfliu
11:43 Feudal Age
12:12 Double-Bit Axe
13:55 Fletching
14:18 Loom
15:11 Wheelbarrow
15:03 Horse Collar
20:41 Castle Age
19:00 Gold Mining
21:54 Bow Saw
22:55 Scale Barding Armor
23:58 Forging
25:54 Bloodlines
25:45 Husbandry
27:38 Chain Barding Armor
28:30 Stone Mining
29:00 Hand Cart
lamorte
9:11 Loom
11:50 Feudal Age
14:49 Double-Bit Axe
16:38 Horse Collar
19:41 Stone Mining
22:17 Castle Age
25:37 Wheelbarrow
25:59 Fletching
26:26 Town Watch
29:33 Heavy Plow
X ReC0rDS
12:05 Feudal Age
17:56 Castle Age
24:19 Elite Skirmisher
26:04 Double-Bit Axe
TikiRat420
8:39 Loom
10:28 Feudal Age
8:43 Loom
11:58 Double-Bit Axe
20:27 Castle Age
20:33 Bloodlines
20:33 Scale Barding Armor
22:23 Fletching
FreakyZ
3:12 Loom
11:17 Feudal Age
16:01 Castle Age
14:50 Double-Bit Axe
18:58 Forging
20:35 Scale Barding Armor
22:03 Bloodlines
25:38 Town Watch
26:45 Chain Barding Armor
Connection lost

Rejoining the realm…

Still unreachable

The connection could not be restored.

Session expired

The server has moved on; the page needs a fresh start.